 Dungeon Crawl Stone Soup version 0.28-a0-1334-g1c9ffb4daf (webtiles) character file.

Game seed: 16127006451588510450

1616867 tempdswn the Slayer (level 25, 219/219 HPs)
             Began as a Demonspawn Wanderer on Dec 27, 2021.
             Was the Champion of Qazlal.
             Escaped with the Orb
             ... and 3 runes on Dec 28, 2021!
             The game lasted 04:47:18 (71032 turns).

tempdswn the Slayer (Demonspawn Wanderer)          Turns: 71032, Time: 04:47:19

Health: 219/219    AC: 50    Str: 22    XL:     25   Next: 46%
Magic:  45/45      EV: 17    Int: 26    God:    Qazlal [******]
Gold:   2374       SH: 41    Dex: 26    Spells: 25/28 levels left

rFire   + + .      SeeInvis +   a - +6 broad axe of the Bear {flame, Str+2 Dex+3}
rCold   + + .      Faith    +   l - +5 kite shield {AC+3}
rNeg    . . .      Spirit   .   p - +6 plate armour of the Invisible Hand {MP+9 Int+4 Stlth+}
rPois   .          Reflect  .   (helmet unavailable)
rElec   +          Harm     .   W - +2 cloak {Will+}
rCorr   +          Rampage  .   g - +2 pair of gloves
Will    +++..                   d - +2 pair of boots "Lawoc" {Int+5}
Stlth   ..........              h - amulet "Jaixi" {Faith rF+ rC++ rCorr}
HPRegen 0.46/turn               q - ring "Qoofoo" {Wiz *Slow Will+ Dex+7}
MPRegen 0.29/turn               y - +7 ring of slaying

@: studying 2 skills, repel missiles
A: antennae 3, large bone plates 3, icemail 2, spiny 2, black mark, condensation
shield, bedeviling, aura of silence, agile 1, fire resistance 1, mutation
resistance 1, shaggy fur 1, electricity resistance, wild magic 1
0: Orb of Zot
}: 3/15 runes: serpentine, silver, gossamer
a: Renounce Religion, Upheaval, Elemental Force, Disaster Area


You escaped.
You worshipped Qazlal.
Qazlal was exalted by your worship.
You visited 10 branches of the dungeon, and saw 49 of its levels.
You visited 1 bazaar.
You also visited: Trove and Ice Cave.

You collected 12418 gold pieces.
You spent 10044 gold pieces at shops.

Inventory:

Hand Weapons
 a - the +6 broad axe of the Bear (weapon) {flame, Str+2 Dex+3}
   (You acquired it on level 2 of the Spider Nest)

   It burns those it strikes, dealing additional fire damage.
   Big, fiery blades are also staple armaments of hydra-hunters.
   Str:       It affects your strength (+2).
   Dex:       It affects your dexterity (+3).
 b - the +3 sling "Punk" {acid, rCorr}
   (You acquired it on level 10 of the Dungeon)

   Any ammunition fired from it is coated in acid, damaging and corroding those
   it strikes.
   rCorr:     It protects you from acid and corrosion.
 J - a +1 short sword of distortion {!w}
Missiles
 r - 293 sling bullets
 F - 10 curare-tipped darts (quivered)
 G - 3 datura-tipped darts
Armour
 d - the +2 pair of boots "Lawoc" (worn) {Int+5}
   (You acquired it on level 8 of the Dungeon)

   Int:       It affects your intelligence (+5).
 g - a +2 pair of gloves (worn)
 l - a +5 kite shield of protection (worn)
 p - the +6 plate armour of the Invisible Hand (worn) {MP+9 Int+4 Stlth+}
   (You bought it in a shop on level 4 of the Dungeon)

   Int:       It affects your intelligence (+4).
   MP:        It affects your magic capacity (+9).
   Stlth:     It makes you more stealthy.
 W - a +2 cloak of willpower (worn)
Jewellery
 h - the amulet "Jaixi" (around neck) {Faith rF+ rC++ rCorr}
   (You bought it in a shop on level 2 of the Orcish Mines)

   [amulet of faith]

   It allows you to gain divine favour quickly.
   rF:        It protects you from fire.
   rC:        It greatly protects you from cold.
   rCorr:     It protects you from acid and corrosion.
 m - a ring of willpower
 n - a +4 ring of evasion
 q - the ring "Qoofoo" (left hand) {Wiz *Slow Will+ Dex+7}
   (You found it on level 5 of the Vaults)

   [ring of wizardry]

   It improves your spell success rate.
   Dex:       It affects your dexterity (+7).
   *Slow:     It may slow you when you take damage.
   Will:      It increases your willpower.
 y - a +7 ring of slaying (right hand)
 N - a ring of protection from cold
Wands
 A - a wand of acid (21)
 D - a wand of digging (21)
 I - a wand of iceblast (36)
 L - a wand of charming (7)
 P - a wand of paralysis (47)
Scrolls
 e - 9 scrolls of fog
 i - 2 scrolls of immolation
 s - 4 scrolls of silence {!r}
 w - 8 scrolls of fear
 z - 2 scrolls of enchant armour
 B - a scroll of blinking {!r@r3}
 C - 8 scrolls of vulnerability
 M - 4 scrolls of magic mapping
 R - a scroll of identify {@r1}
 T - 8 scrolls of teleportation {@r2}
Potions
 c - 4 potions of berserk rage {!q}
 f - 6 potions of attraction
 j - 10 potions of heal wounds {@q2}
 k - 4 potions of mutation
 t - 2 potions of ambrosia
 u - 5 potions of might {@q4}
 v - 2 potions of cancellation
 x - 7 potions of magic
 E - 4 potions of lignification
 H - 4 potions of haste {@q3}
 Q - 22 potions of curing {@q1}
 S - a potion of resistance {@q5}
Miscellaneous
 o - a lightning rod (4/4)
 O - a condenser vane
 U - a phial of floods
 V - a phantom mirror
 X - a box of beasts
 Y - a tin of tremorstones (2/2)


   Skills:
 * Level 22.8 Fighting
 - Level 17.4(18.0) Axes
 - Level 7.2(13.3) Maces & Flails
 - Level 14.0 Slings
 - Level 22.0 Armour
 * Level 13.3 Dodging
 - Level 1.0 Stealth
 - Level 15.0 Shields
 - Level 2.0 Spellcasting
 - Level 3.0 Air Magic
 - Level 4.0 Poison Magic
 + Level 19.2 Invocations
 - Level 8.0 Evocations


You had 25 spell levels left.
You knew the following spells:

 Your Spells              Type           Power      Damage    Failure   Level
a - Swiftness             Air            23%        N/A       26%         3

Your spell library contained the following spells:

 Spells                   Type           Power      Damage    Failure   Level
 Poisonous Vapours        Pois/Air       54%        N/A       12%         2
 Sting                    Tmut/Pois      64%        1d6       14%         1
 Shock                    Conj/Air       52%        1d6       16%         1
 Corpse Rot               Necr/Air       26%        N/A       24%         2
 Animate Skeleton         Necr           6%         N/A       28%         1
 Beastly Appendage        Tmut           6%         N/A       28%         1
 Freeze                   Ice            12%        1d4       28%         1
 Pain                     Necr           12%        1d4       28%         1
 Sandblast                Erth           6%         2d5       28%         1
 Slow                     Hex            20%        N/A       28%         1
 Summon Small Mammal      Summ           12%        N/A       28%         1
 Mephitic Cloud           Conj/Pois/Air  19%        N/A       32%         3
 Spider Form              Tmut/Pois      16%        N/A       34%         3
 Blink                    Tloc           6%         N/A       38%         2
 Call Imp                 Summ           3%         N/A       38%         2
 Ensorcelled Hibernation  Hex/Ice        10%        N/A       38%         2
 Passwall                 Tmut/Erth      2%         N/A       38%         2
 Scorch                   Fire           6%         2d5       38%         2
 Sublimation of Blood     Necr           3%         N/A       38%         2
 Wereblood                Tmut           3%         N/A       38%         2
 Ignite Poison            Fire/Tmut/Pois 12%        N/A       45%         3
 Olgreb's Toxic Radiance  Pois           30%        N/A       45%         4
 Call Canine Familiar     Summ           3%         N/A       58%         3
 Confusing Touch          Hex            5%         N/A       58%         3
 Dazzling Flash           Conj/Hex       10%        N/A       58%         3
 Gell's Gravitas          Tloc           3%         N/A       58%         3
 Lesser Beckoning         Tloc           3%         N/A       58%         3
 Ozocubu's Armour         Ice            3%         N/A       58%         3
 Portal Projectile        Hex/Tloc       10%        N/A       58%         3
 Stone Arrow              Conj/Erth      6%         3d7       58%         3
 Summon Guardian Golem    Hex/Summ       5%         N/A       58%         3
 Teleport Other           Tloc           3%         N/A       58%         3
 Vampiric Draining        Necr           3%         2d6       58%         3
 Airstrike                Air            11%        N/A       58%         4
 Summon Lightning Spire   Summ/Air       13%        N/A       78%         4
 Animate Armour           Summ/Erth      6%         N/A       92%         4
 Flame Wave               Conj/Fire      3%         2d4       92%         4
 Iskenderun's Mystic Bla  Conj/Tloc      3%         2d3       92%         4
 Leda's Liquefaction      Hex/Erth       2%         N/A       92%         4
 Petrify                  Tmut/Erth      3%         N/A       92%         4
 Summon Ice Beast         Ice/Summ       3%         N/A       92%         4
 Lightning Bolt           Conj/Air       6%         1d18      98%         5
 Agony                    Necr           3%         N/A       99%         5
 Blade Hands              Tmut           1%         N/A       99%         5
 Borgnjor's Vile Clutch   Necr/Erth      1%         N/A       99%         5
 Excruciating Wounds      Necr           1%         N/A       99%         5
 Freezing Cloud           Conj/Ice/Air   5%         6-21      99%         5
 Irradiate                Conj/Tmut      1%         3d14      99%         5
 Lee's Rapid Deconstruct  Erth           1%         3d5*      99%         5
 Manifold Assault         Tloc           3%         N/A       99%         5
 Metabolic Englaciation   Hex/Ice        2%         N/A       99%         5
 Summon Forest            Summ/Tloc      1%         N/A       99%         5
 Summon Mana Viper        Hex/Summ       5%         N/A       99%         5
 Dispersal                Tloc           1%         N/A       100%        6
 Iron Shot                Conj/Erth      1%         9d1       100%        6
 Simulacrum               Ice/Necr       1%         N/A       100%        6
 Starburst                Conj/Fire      1%         6d3       100%        6
 Statue Form              Tmut/Erth      2%         N/A       100%        6
 Summon Cactus Giant      Summ           1%         N/A       100%        6
 Dragon Form              Tmut           1%         N/A       100%        7
 Orb of Destruction       Conj           1%         N/A       100%        7
 Ozocubu's Refrigeration  Ice            1%         4d5       100%        7
 Spellforged Servitor     Conj/Summ      1%         N/A       100%        7
 Storm Form               Tmut/Air       6%         N/A       100%        7
 Summon Hydra             Summ           1%         N/A       100%        7
 Maxwell's Capacitive Co  Air            11%        ∞         100%        8
 Chain Lightning          Conj/Air       6%         3d8       100%        9
 Fire Storm               Conj/Fire      1%         8d1       100%        9
 Shatter                  Erth           1%         3d6*      100%        9


Dungeon Overview and Level Annotations

Branches:
Dungeon (15/15)            Temple (1/1) D:4            Lair (6/6) D:11
  Snake (4/4) Lair:2       Spider (4/4) Lair:2        Slime (0/5) Lair:6
    Orc (2/2) D:12            Elf (3/3) Orc:2        Vaults (5/5) D:13
  Crypt (0/3) Vaults:2     Depths (4/4) D:15            Zot (5/5) Depths:4
  IceCv (visited)

Altars:
Ashenzari
Cheibriados
Dithmenos
Elyvilon
Fedhas
Gozag
Hepliaklqana
Kikubaaqudgha
Makhleb
Nemelex Xobeh
Okawaru
Qazlal
Ru
Sif Muna
Trog
Uskayaw
Vehumet
Wu Jian
Xom
Yredelemnul
Zin
The Shining One
Beogh
Jiyva

Shops:
D:2 (   D:4 [   D:8 **   Orc:2 [=*(*   Elf:2 (   Elf:3 (   Snake:1 [=::
Snake:2 =   Vaults:1 *   Vaults:2 ?   Depths:2 :((*   Depths:3 (

Portals:
Hell: Depths:1 Depths:2 Depths:3 Depths:4
Abyss: Depths:3
Pandemonium: Depths:2
Ziggurat: Depths:2

Annotations:
D:10 exclusion: molten gargoyle
Lair:4 exclusion: downstairs
Snake:1 2 transporters, niknal's ghost, journeyman OpTm
Spider:2 1 exclusion
Orc:1 3 runed translucent doors, Antent's ghost, journeyman OpBr
Elf:2 3 runed translucent doors
Zot:1 3 runed translucent doors, ChaosChampion's ghost, veteran VSFi; Lerari's ghost, legendary DsCj


Innate Abilities, Weirdness & Mutations

You have a pair of large antennae on your head. (SInv)
You are completely covered in large bone plates. (SH +8)
A meltable icy envelope protects you from harm. (AC +8)
You are mostly covered in sharp spines.
Your melee attacks may debilitate your foes.
A meltable shield of frost defends you. (SH +4)
Your hexes are more powerful.
You are surrounded by an aura of silence.
You are agile. (Dex +2)
Your flesh is heat resistant. (rF+)
You are somewhat resistant to further mutation.
You are covered in fur. (AC +1)
You are resistant to electric shocks. (rElec)
Your spells are a little harder to cast, but a little more powerful.


Message History

(Z) Zot
Where to? (Enter - D:1 @ (x,y), ? - help)
Your icy envelope is restored.
There is a stone staircase leading up here.
You climb upwards.
HP restored.
There is a stone staircase leading down here.
A ynoxinul comes into view.
The ynoxinul gestures.
You block the ufetubus's attack. x2
There is a stone staircase leading up here.
The ynoxinul gestures.
You climb upwards.
There is a stone staircase leading down here.
(D) Dungeon (T) Temple (L) Lair (P) Snake Pit (N) Spider Nest (M) Slime Pits (O) Orcish Mines (E) Elven Halls (V) Vaults (C) Crypt (U) Depths (H) Hell (Z) Zot
Where to? (Enter - D:1 @ (x,y), ? - help)
There is a stone staircase leading up here.
You climb upwards.
There is a stone staircase leading down here.
There is a stone staircase leading up here.
You climb upwards.
There is a stone staircase leading down here.
There is a stone staircase leading up here.
You climb upwards.
There is a stone staircase leading down here.
Things that are here:
a +0 ring mail; a +0 club
There is a stone staircase leading up here.
You climb upwards.
There is a stone staircase leading down here.
There is a stone staircase leading down here.
You see here a +0 leather armour.
There is a stone staircase leading up here.
You climb upwards.
There is a stone staircase leading down here.
There is an open door here.
There is a staircase leading out of the dungeon here.
You have escaped!

#...........#......# #.....^
#.#.........#......# #...###
#.#.........#.###### #...#
#.#.........'.# #...###
............### #...##.
#...........# #......
#...........# #...##.
............# ### #######...#..
#.#.......).####@####.......)....
......).....##>#.#.##...........#
#.##...####.#♣.....♣#.###########
............#≈♣...♣≈#.########...
..#..#.####.#≈≈♣.♣≈≈#............
#...##...##.#≈≈♣.♣≈≈#..#.....#.##
#.).#.......##≈♣.♣≈##..#.....#...
#.###.####..####'####..##....#..#
#.#......##............##....#...


There were no monsters in sight!

Vanquished Creatures
  An orb of fire
  2 ancient liches
  5 juggernauts Margery
  A curse toe
  A caustic shrike
  11 golden dragons Arachne the Enchantress
  2 electric golems Jorgrun
  13 tentacled monstrosities
  11 Orb Guardians
  3 walking earthen tomes
  6 liches
  3 titans
  2 walking divine tomes
  2 deep elf blademasters
  2 deep elf master archers
  A walking frostbound tome
  12 death cobs
  6 quicksilver dragons Agnes
  3 tengu reavers
  9 sphinxes
  11 shadow dragons
  12 storm dragons Donald
  8 nagarajas Roxanne
  2 draconian monks
  3 draconian knights
  9 fire giants
  7 ghost moths
  14 vault wardens
  3 emperor scorpions Aizul
  10 frost giants
  5 draconian shifters
  3 orc warlords
  9 deep elf sorcerers
  5 iron dragons
  6 draconian scorchers
  A balrug
  15 ironbound preservers
  A juggernaut zombie
  4 draconian annihilators
  A draconian stormcaller
  3 broodmothers
  6 spriggan defenders
  The ghost of HessuHobo the Swashbuckler, a journeyman KoEn of Dithmenos
  3 deep elf elementalists
  3 war gargoyles
  9 deep elf demonologists
  12 ironbound thunderhulks
  16 stone giants
  2 vampire knights
  23 very ugly things
  3 green draconians
  3 entropy weavers
  11 red draconians
  13 deep elf annihilators Azrael
  11 black draconians
  10 dire elephants
  7 spark wasps
  13 purple draconians
  4 yellow draconians
  8 white draconians
  8 deep elf death magi Snorg
  An eidolon
  9 fire dragons
  12 ettins
  4 deep elf high priests
  7 great orbs of eyes
  8 hydras
  17 yaktaur captains
  10 boulder beetles
  9 ice dragons
  30 vault guards
  18 naga warriors
  A peacekeeper
  3 rakshasas
  9 spriggan air magi
  A hydra (shapeshifter)
  A salamander tyrant
  2 anacondas (shapeshifter)
  8 anacondas
  11 centaur warriors
  2 radroaches
  2 ogre magi
  14 ironbound frosthearts
  2 jorogumos
  3 catoblepae
  A jorogumo (shapeshifter)
  A death knight
  9 two-headed ogres
  A vampire mage
  9 deep troll earth magi
  6 tengu warriors
  8 deep troll shamans
  5 dancing weapons Sonja
  4 spriggan berserkers
  16 naga sharpshooters
  A soul eater
  8 shock serpents
  14 hell knights
  A shadow wraith
  5 skeletal warriors
  10 deep elf knights
  2 sun demons
  3 pharaoh ants
  A sun moth
  2 deep trolls (shapeshifter)
  5 iron trolls
  8 sea snakes
  A cherub
  2 sea snakes (shapeshifter)
  16 orb spiders
  2 steelbarb worms
  8 orc knights
  7 deep elf archers
  4 flayed ghosts
  8 naga ritualists
  A glowing orange brain
  A swamp dragon
  A shadow demon
  9 wizards
  An orange crystal statue
  39 deep trolls
  17 ironbound convokers
  30 deep elf zephyrmancers
  4 necromancers
  15 mana vipers
  24 deep elf pyromancers
  5 phantasmal warriors
  8 lindwurms
  A lindwurm (shapeshifter)
  5 harpies
  2 manticores
  13 salamanders
  3 orc sorcerers
  31 wolf spiders
  9 cyclopes
  A fire giant skeleton
  43 ugly things
  62 black mambas
  17 moths of wrath
  9 elephants
  A rust devil
  10 guardian serpents
  23 naga magi
  16 vault sentinels
  A black mamba (shapeshifter)
  A centaur zombie
  2 molten gargoyles
  8 torpor snails
  A torpor snail (shapeshifter)
  A smoke demon
  A gargoyle
  19 cane toads
  2 rime drakes
  14 demonic crawlers
  A stone giant skeleton
  A cane toad (shapeshifter)
  7 komodo dragons
  27 yaktaurs
  2 ice devils
  8 kobold demonologists
  A red devil
  2 tengu conjurers
  6 freezing wraiths
  A wind drake (shapeshifter)
  10 trolls
  A raiju (shapeshifter)
  2 polar bears
  31 tarantellas
  11 hornets
  3 saltlings
  A blink frog (shapeshifter)
  9 meliai
  7 dream sheep
  36 blink frogs
  31 jumping spiders
  28 slime creatures
  A spriggan zombie
  5 raiju
  3 air elementals
  A culicivora (shapeshifter)
  A vampire
  6 spriggans
  A centaur simulacrum
  20 culicivoras
  2 shadows
  16 wyverns
  3 water elementals
  26 yaks
  A wraith
  2 hogs
  4 fire elementals
  A human
  5 steam dragons
  10 basilisks
  A chaos spawn
  65 redbacks
  4 vampire mosquitoes
  4 wargs
  A death yak simulacrum
  49 nagas
  7 acid dragons Duvessa
  33 water moccasins
  A floating eye
  3 hell hounds
  2 ice beasts
  28 orc warriors
  3 black bears
  A swamp drake
  A sky beast (shapeshifter)
  A tengu (shapeshifter)
  A wolf (shapeshifter)
  7 ogres
  11 wolves
  3 phantoms
  4 centaurs
  9 kobold brigands
  10 bullfrogs
  3 earth elementals
  2 gnoll sergeants
  15 killer bees
  An elephant simulacrum
  7 wights
  10 howler monkeys
  8 electric eels
  2 bullfrog zombies
  8 jellies
  A centaur skeleton
  A hound
  15 orc priests
  2 bullfrog skeletons
  A gnoll shaman
  7 iguanas
  6 hell rats
  16 orc wizards
  A wolf simulacrum
  A killer bee zombie
  A hound skeleton
  3 howler monkey zombies
  2 howler monkey skeletons
  19 gnolls
  5 adders
  A white imp
  An adder skeleton
  A worm
  A dart slug
  64 orcs
  3 ball pythons
  4 bats
  6 endoplasms
  7 goblins
  6 hobgoblins
  22 kobolds
  3 quokkas
  2 frilled lizards
  4 rats
  A butterfly
2055 creatures vanquished.

Vanquished Creatures (collateral kills)
  A titan
  3 sphinxes
  A shadow dragon
  A draconian knight
  A deep elf sorcerer
  A fire giant
  A green draconian
  A red draconian
  An ettin
  A two-headed ogre
  An orc high priest Urug
  A phantasmal warrior
  An orc sorcerer
  A moth of wrath
  A molten gargoyle
  A slime creature
  A culicivora
  2 orc warriors
  An ogre
  A sky beast
  A scorpion
  A water moccasin skeleton
  5 wights
  2 lava snakes
  An orc
34 creatures vanquished.

Vanquished Creatures (others)
  Kirke
  A fire giant
  A draconian knight
  A red draconian
  A centaur warrior
  A deep elf knight
  A deep troll
  4 deep elf zephyrmancers
  A molten gargoyle
  A redback
  A hell hound Dowan
  An orc
  2 bushes
  49 fungi
  101 plants
  6 toadstools
174 creatures vanquished.

Grand Total: 2263 creatures vanquished

Notes
Turn   | Place    | Note
-------+----------+-------------------------------------------
     0 | D:1      | tempdswn the Demonspawn Wanderer began the quest for the
                  | Orb.
     0 | D:1      | tempdswn set off with the following items: a +0 hand axe, a
                  | +0 helmet, a +0 robe; and the following spell memorised:
                  | Sting; and the following spells available to memorise:
                  | Poisonous Vapours, Ignite Poison
     0 | D:1      | Reached XP level 1. HP: 15/15 MP: 2/2
   277 | D:1      | Reached skill level 1 in Air Magic
   660 | D:1      | Gained mutation: A meltable shield of frost defends you.
                  | (SH +4) [demonic ancestry]
   660 | D:1      | Reached XP level 2. HP: 19/21 MP: 1/3
   663 | D:1      | Learned a level 2 spell: Poisonous Vapours
   682 | D:1      | Found a faded altar of an unknown god.
   894 | D:1      | Prayed at the altar of an unknown god.
   894 | D:1      | Became a worshipper of Xom of Malicious Giggling
  1077 | D:2      | XOM: silly message
  1108 | D:2      | Reached skill level 2 in Air Magic
  1301 | D:2      | XOM: noise
  1364 | D:1      | XOM: silly message
  1595 | D:2      | XOM: confuse monster(s)
  1603 | D:2      | XOM: give mutations
  1603 | D:2      | Gained mutation: You sometimes lose the ability to read
                  | scrolls when taking damage. [Xom's mischief]
  1603 | D:2      | Gained mutation: You are dopey. (Int -2) [Xom's mischief]
  1603 | D:2      | Gained mutation: You occasionally shout uncontrollably at
                  | your foes. [Xom's mischief]
  1641 | D:2      | XOM: give mutations
  1641 | D:2      | Gained mutation: You are frail. (-10% HP) [Xom's mischief]
  1641 | D:2      | Gained mutation: You are clumsy. (Dex -2) [Xom's mischief]
  1641 | D:2      | Gained mutation: You are very clumsy. (Dex -4) [Xom's
                  | mischief]
  1688 | D:1      | Reached XP level 3. HP: 7/23 MP: 1/4
  2322 | D:2      | Found Tist's Antique Weapon Shoppe.
  2361 | D:2      | XOM: scenery: create altars
  2367 | D:2      | XOM: draining
  2389 | D:2      | Reached skill level 3 in Air Magic
  2530 | D:2      | XOM: give mutations
  2530 | D:2      | Gained mutation: You are covered in fur. (AC +1) [Xom's
                  | mischief]
  2530 | D:2      | Lost mutation: You are very clumsy. (Dex -4) [Xom's
                  | mischief]
  2556 | D:2      | Reached skill level 3 in Axes
  2556 | D:2      | Gained mutation: A meltable icy envelope protects you from
                  | harm. (AC +8) [demonic ancestry]
  2556 | D:2      | Reached XP level 4. HP: 12/27 MP: 1/5
  3033 | D:3      | Found a broken altar of Ashenzari.
  3069 | D:3      | XOM: polymorph dart slug -> gnoll
  3246 | D:3      | Found a sparkling altar of Nemelex Xobeh.
  3296 | D:3      | XOM: summons 3 hostile demons
  3323 | D:3      | Found a burning altar of Makhleb.
  3323 | D:3      | XOM: 8-stop teleportation journey
  3324 | D:3      | Found an opulent altar of Gozag.
  3734 | D:2      | Bought a runed hunting sling for 108 gold pieces
  3831 | D:4      | Gained mutation: You are partially covered in sharp spines.
                  | [demonic ancestry]
  3831 | D:4      | Reached XP level 5. HP: 33/33 MP: 7/7
  3839 | D:4      | Found Sigel's Armour Emporium.
  3920 | D:4      | Noticed Duvessa
  3920 | D:4      | Noticed Dowan
  3921 | D:4      | XOM: cleaving
  3969 | D:4      | Reached skill level 4 in Poison Magic
  3970 | D:4      | XOM: chaos upgrade
  4005 | D:4      | Noticed a phantom
  4015 | D:4      | Killed a phantom
  4016 | D:4      | Reached skill level 2 in Slings
  4016 | D:4      | Reached skill level 2 in Spellcasting
  4069 | D:4      | XOM: cast spell 'Summon Ice Beast'
  4169 | D:4      | Gained mutation: You have a pair of small antennae on your
                  | head. [demonic ancestry]
  4169 | D:4      | Reached XP level 6. HP: 38/38 MP: 9/9
  4238 | D:4      | Reached skill level 3 in Slings
  4264 | D:4      | You fall into a shaft and drop 3 floors!
  4443 | D:6      | Reached skill level 4 in Slings
  4508 | D:5      | Entered Level 5 of the Dungeon
  4589 | D:4      | XOM: 2-stop teleportation journey
  4699 | D:4      | Killed Dowan
  4712 | D:4      | Killed Duvessa
  4713 | D:4      | Gained mutation: You have a pair of antennae on your head.
                  | [demonic ancestry]
  4713 | D:4      | Reached XP level 7. HP: 44/44 MP: 2/10
  4726 | D:4      | Found a staircase to the Ecumenical Temple.
  4830 | D:4      | XOM: cloud trail
  4924 | D:5      | Reached skill level 2 in Fighting
  4982 | D:5      | Identified the +0 robe of Deagumem {Harm +Inv Archmagi}
  5016 | D:5      | XOM: torment (28/45 hp)
  5417 | D:5      | Reached skill level 5 in Slings
  5417 | D:5      | Reached skill level 1 in Shields
  5640 | D:5      | XOM: cast spell 'Summon Ice Beast'
  5653 | D:5      | Reached skill level 2 in Armour
  5801 | D:6      | XOM: 1-stop teleportation journey
  5926 | D:6      | XOM: 3-stop teleportation journey
  5949 | D:6      | Reached skill level 2 in Shields
  5964 | D:6      | Identified the +6 hunting sling of Recklessness {god gift,
                  | speed, Str+4} (Xom gifted it to you on level 6 of the
                  | Dungeon)
  5964 | D:6      | XOM: god gift: +6 hunting sling of Recklessness {god gift,
                  | chaos, Str+4}
  5978 | D:6      | Gained mutation: You are partially covered in large bone
                  | plates. (SH +4) [demonic ancestry]
  5978 | D:6      | Reached XP level 8. HP: 50/50 MP: 11/11
  6000 | D:6      | XOM: cast spell 'Summon Dragon'
  6013 | D:6      | Reached skill level 6 in Slings
  6027 | D:6      | Reached skill level 3 in Fighting
  6047 | D:6      | Found a bloodstained altar of Trog.
  6055 | D:6      | Reached skill level 3 in Shields
  6159 | D:6      | Found a stormy altar of Qazlal.
  6326 | D:6      | Found a hazy altar of Hepliaklqana.
  6326 | D:6      | Found a shimmering altar of Xom.
  6552 | D:7      | XOM: scenery: summon butterflies
  6552 | D:7      | Found a hide-covered altar of Uskayaw.
  6615 | D:7      | Reached skill level 7 in Slings
  6619 | D:7      | Reached skill level 4 in Shields
  6757 | D:7      | Reached skill level 4 in Fighting
  6778 | D:7      | Reached skill level 3 in Armour
  6905 | D:7      | XOM: god gift: staff of poison {god gift}
  6932 | D:7      | Reached XP level 9. HP: 58/58 MP: 12/12
  6963 | D:7      | XOM: 1-stop teleportation journey
  7081 | D:7      | XOM: scenery: create altars
  7097 | D:7      | XOM: fake destruction
  7104 | D:7      | Reached skill level 4 in Armour
  7111 | D:7      | XOM: smoke on damage
  7472 | D:7      | Reached skill level 4 in Axes
  7596 | D:7      | Found a shimmering blue altar of Sif Muna.
  7716 | D:7      | XOM: confuse monster(s)
  7861 | D:8      | XOM: fog
  7869 | D:8      | Reached skill level 5 in Axes
  8006 | D:8      | Reached skill level 6 in Axes
  8221 | D:8      | XOM: cast spell 'Shadow Creatures'
  8235 | D:8      | Reached skill level 7 in Axes
  8569 | D:8      | XOM: 6-stop teleportation journey
  8635 | D:8      | Found Omaqiez's Specific Store.
  8638 | D:8      | Found Osettun's General Store.
  8656 | D:8      | Bought a potion of curing for 39 gold pieces
  8656 | D:8      | Bought a scroll of enchant weapon for 97 gold pieces
  8771 | D:9      | Noticed an orc sorcerer
  8774 | D:9      | Noticed a centaur warrior
  8903 | D:9      | Noticed a deep elf pyromancer
  8913 | D:9      | Reached XP level 10. HP: 63/63 MP: 13/13
  8926 | D:8      | Killed a deep elf pyromancer
  8927 | D:8      | Reached skill level 8 in Axes
  8933 | D:9      | Noticed an eight-headed hydra
  8934 | D:9      | Noticed an orc sorcerer
  8936 | D:9      | XOM: divination: detect creatures
  8943 | D:8      | Killed a centaur warrior
  8943 | D:8      | XOM: divine lightning
  9102 | D:8      | Killed an orc sorcerer
  9103 | D:8      | Reached skill level 5 in Fighting
  9174 | D:8      | Identified a scroll of acquirement
  9183 | D:9      | XOM: repel stairs
  9190 | D:9      | Noticed a two-headed ogre
  9190 | D:9      | XOM: 2-stop teleportation journey
  9218 | D:9      | XOM: summons friendly shadow imp
  9225 | D:9      | Killed an orc sorcerer
  9226 | D:9      | Reached skill level 9 in Axes
  9226 | D:9      | Reached skill level 5 in Armour
  9226 | D:9      | XOM: potion effect (invisibility)
  9227 | D:9      | Noticed a deep elf zephyrmancer
  9229 | D:9      | XOM: cast spell 'Summon Small Mammal'
  9291 | D:9      | Acquired the +2 pair of boots "Lawoc" {Int+5}
  9371 | D:9      | XOM: divination: detect creatures
  9375 | D:9      | XOM: silly message
  9378 | D:9      | Noticed a two-headed ogre
  9383 | D:9      | XOM: cast spell 'Summon Ice Beast'
  9390 | D:9      | Killed a two-headed ogre
  9394 | D:9      | XOM: silly message
  9429 | D:9      | Killed a deep elf zephyrmancer
  9430 | D:9      | Reached skill level 6 in Armour
  9441 | D:9      | Reached skill level 10 in Axes
  9447 | D:8      | XOM: cast spell 'Olgreb's Toxic Radiance'
  9453 | D:8      | Killed a two-headed ogre
  9455 | D:8      | Gained mutation: You are mostly covered in large bone
                  | plates. (SH +6) [demonic ancestry]
  9455 | D:8      | Reached XP level 11. HP: 60/71 MP: 11/14
  9620 | D:8      | Reached skill level 8 in Slings
  9765 | D:8      | Reached skill level 6 in Fighting
  9893 | D:8      | XOM: silly message
 10144 | D:9      | Killed an eight-headed hydra
 10180 | D:9      | Noticed a two-headed ogre
 10188 | D:9      | XOM: confuse monster(s)
 10197 | D:9      | Killed a two-headed ogre
 10198 | D:9      | Reached skill level 9 in Slings
 10403 | D:9      | Identified the +0 scale mail of Musiffeu {Int+5 Stlth+}
 10782 | D:10     | Entered Level 10 of the Dungeon
 10813 | D:10     | HP: 15/108 [molten gargoyle (13)]
 10813 | D:10     | HP: 7/108 [molten gargoyle (8)]
 11365 | D:10     | Noticed Snorg
 11374 | D:10     | XOM: fog
 11418 | D:10     | XOM: enchant monster (good)
 11434 | D:10     | XOM: confuse monster(s)
 11444 | D:10     | XOM: butterfly on damage
 11446 | D:10     | Reached skill level 11 in Axes
 11776 | D:10     | Noticed a two-headed ogre
 11786 | D:10     | Killed a two-headed ogre
 11868 | D:10     | Identified the +4 chain mail of the Thistle {-Cast Str+2
                  | Dex+3 Stlth+}
 11869 | D:10     | XOM: god gift: 840 gold pieces {god gift}
 12090 | D:4      | Bought the +6 plate armour of the Invisible Hand {MP+9
                  | Int+4 Stlth+} for 901 gold pieces
 12293 | D:10     | Found an ancient bone altar of Kikubaaqudgha.
 12367 | D:10     | XOM: 1-stop teleportation journey
 12583 | D:10     | XOM: give mutations
 12583 | D:10     | Lost mutation: You are frail. (-10% HP) [Xom's grace]
 12583 | D:10     | Gained mutation: Your spells are a little harder to cast,
                  | but a little more powerful. [Xom's grace]
 12584 | D:10     | Acquired the +3 sling "Punk" {acid, rCorr}
 12584 | D:10     | Found the +3 sling "Punk" {acid, rCorr}
 12634 | D:10     | Killed Snorg
 12662 | D:10     | XOM: give mutations
 12662 | D:10     | Gained mutation: You are somewhat resistant to further
                  | mutation. [Xom's grace]
 12662 | D:10     | Gained mutation: You have sharp fingernails. [Xom's grace]
 12821 | D:8      | XOM: give mutations
 12821 | D:8      | Gained mutation: You are covered in thick fur. (AC +2)
                  | [Xom's grace]
 12821 | D:8      | Lost mutation: You are dopey. (Int -2) [Xom's grace]
 12821 | D:8      | Gained mutation: Your flesh is cold resistant. (rC+) [Xom's
                  | grace]
 13132 | D:11     | Noticed a two-headed ogre
 13143 | D:11     | Killed a two-headed ogre
 13144 | D:11     | Reached skill level 10 in Slings
 13196 | D:11     | Lost mutation: You are clumsy. (Dex -2) [potion of
                  | mutation]
 13196 | D:11     | Lost mutation: Your flesh is cold resistant. (rC+) [potion
                  | of mutation]
 13196 | D:11     | Lost mutation: You sometimes lose the ability to read
                  | scrolls when taking damage. [potion of mutation]
 13196 | D:11     | Gained mutation: You are resistant to electric shocks.
                  | (rElec) [potion of mutation]
 13241 | D:9      | XOM: god gift: scroll labelled YMOELU HIE {god gift}
 13363 | Temple   | Entered the Ecumenical Temple
 13567 | Temple   | Identified the +3 hat of Valiance {god gift, +Blink} (Xom
                  | gifted it to you in the Ecumenical Temple)
 13567 | Temple   | XOM: god gift: +3 hat of Valiance {god gift, +Blink}
 13572 | Temple   | XOM: 1-stop teleportation journey
 13574 | Temple   | Upgraded the game from 0.28-a0-1292-gb4563b27b3 to
                  | 0.28-a0-1334-g1c9ffb4daf
 13692 | D:6      | Fell from the grace of Xom
 13692 | D:6      | Became a worshipper of Qazlal Stormbringer
 13911 | D:11     | Reached XP level 12. HP: 88/88 MP: 15/15
 13942 | D:11     | Found a staircase to the Lair.
 14073 | D:11     | Reached skill level 7 in Armour
 14090 | D:11     | Noticed a two-headed ogre
 14121 | D:11     | Noticed a five-headed hydra
 14347 | D:11     | Killed a two-headed ogre
 14415 | D:11     | XOM: chaos upgrade
 14510 | D:11     | Found a staircase to the Lair.
 14568 | D:11     | Killed a five-headed hydra
 14747 | D:11     | XOM: stat loss: -2 Str (19/21)
 14856 | D:11     | XOM: divination: detect items
 14879 | Lair:1   | Entered Level 1 of the Lair of Beasts
 15185 | Lair:1   | Identified the +10 battleaxe of Piche {freeze, Str+4}
 15232 | Lair:1   | Identified the +1 robe of Qobimpu {rC+ Dex+3}
 15233 | Lair:1   | XOM: cloud trail
 15475 | Lair:1   | Reached skill level 7 in Fighting
 15830 | Lair:2   | Reached skill level 8 in Armour
 15834 | Lair:2   | Reached skill level 11 in Slings
 15841 | Lair:2   | Reached * piety under Qazlal
 15884 | Lair:2   | Found a staircase to the Snake Pit.
 15991 | Lair:2   | Found a hole to the Spider Nest.
 16368 | Lair:2   | Noticed a seven-headed hydra
 16386 | Lair:2   | Killed a seven-headed hydra
 16631 | Lair:2   | Found a runed translucent gate.
 16631 | Lair:2   | Found a runed translucent gate.
 16631 | Lair:2   | Found a runed translucent gate.
 16632 | Lair:2   | Noticed HessuHobo's ghost (journeyman KoEn)
 16632 | Lair:2   | Noticed a great orb of eyes
 16934 | Lair:2   | Found a viscous altar of Jiyva.
 17152 | Lair:3   | Reached skill level 9 in Armour
 17341 | Lair:3   | XOM: 3-stop teleportation journey
 17387 | Lair:3   | Noticed a catoblepas
 17397 | Lair:3   | Killed a catoblepas
 17398 | Lair:3   | Gained mutation: You have a pair of large antennae on your
                  | head. (SInv) [demonic ancestry]
 17398 | Lair:3   | Reached XP level 13. HP: 98/98 MP: 16/16
 17403 | Lair:3   | Learned a level 3 spell: Swiftness
 17517 | Lair:3   | XOM: give mutations
 17517 | Lair:3   | Gained mutation: You are dopey. (Int -2) [Xom's mischief]
 17517 | Lair:3   | Lost mutation: You are dopey. (Int -2) [Xom's mischief]
 17517 | Lair:3   | Gained mutation: You are weak. (Str -2) [Xom's mischief]
 17517 | Lair:3   | Gained mutation: You have sharp toenails. [Xom's mischief]
 17930 | Lair:3   | Reached skill level 8 in Fighting
 18179 | Lair:4   | Reached skill level 12 in Slings
 18201 | Lair:4   | XOM: 6-stop teleportation journey
 18482 | Lair:4   | Reached ** piety under Qazlal
 18600 | Lair:4   | Reached skill level 1 in Invocations
 18729 | Lair:4   | XOM: give mutations
 18729 | Lair:4   | Gained mutation: You sometimes lose the ability to read
                  | scrolls when taking damage. [Xom's mischief]
 18729 | Lair:4   | Gained mutation: You are completely covered in large bone
                  | plates. (SH +8) [Xom's mischief]
 18739 | Lair:4   | XOM: give mutation
 18739 | Lair:4   | Lost mutation: You occasionally shout uncontrollably at
                  | your foes. [Xom's mischief]
 19020 | Lair:5   | Noticed Sonja
 19035 | Lair:4   | Reached skill level 2 in Invocations
 19035 | Lair:4   | Reached skill level 1 in Evocations
 19118 | Lair:4   | Reached skill level 2 in Evocations
 19205 | Lair:5   | Reached skill level 3 in Invocations
 19232 | Lair:5   | Reached skill level 3 in Evocations
 19400 | Lair:5   | Killed Sonja
 19615 | Lair:5   | Reached skill level 9 in Fighting
 19641 | Lair:5   | Reached skill level 13 in Slings
 19665 | Lair:5   | Reached skill level 5 in Shields
 19846 | Lair:5   | XOM: stat loss: -1 Str (18/19)
 20002 | Lair:6   | Entered Level 6 of the Lair of Beasts
 20013 | Lair:6   | Reached *** piety under Qazlal
 20079 | Lair:6   | Found a staircase to the Slime Pits.
 20079 | Lair:6   | XOM: 1-stop teleportation journey
 20113 | Lair:6   | Reached skill level 4 in Evocations
 20142 | Lair:6   | Gained mutation: A meltable icy envelope protects you from
                  | harm. (AC +8) [demonic ancestry]
 20142 | Lair:6   | Reached XP level 14. HP: 97/108 MP: 17/17
 20146 | Lair:6   | Reached skill level 6 in Shields
 20149 | Lair:6   | Reached **** piety under Qazlal
 20285 | Lair:6   | Reached skill level 4 in Invocations
 20385 | Lair:6   | XOM: 1-stop teleportation journey
 20643 | Lair:6   | Reached skill level 5 in Invocations
 20673 | Lair:6   | Reached skill level 7 in Shields
 20903 | Lair:6   | Reached skill level 14 in Slings
 21451 | Lair:6   | Reached skill level 6 in Invocations
 21627 | Lair:6   | Reached skill level 8 in Shields
 21733 | Lair:6   | XOM: noise
 22463 | D:12     | Reached skill level 10 in Fighting
 22485 | D:12     | Noticed Azrael
 22488 | D:12     | Reached skill level 7 in Invocations
 22497 | D:12     | Killed Azrael
 22602 | D:12     | Identified the +9 dagger of Sharkskin {venom, rN+}
 22778 | D:12     | Reached ***** piety under Qazlal
 22863 | D:12     | XOM: noise
 23223 | D:12     | Found a staircase to the Orcish Mines.
 23557 | D:12     | Found a portal to a secret trove of treasure.
 23644 | D:12     | XOM: noise
 23715 | Orc:1    | Entered Level 1 of the Orcish Mines
 23720 | Orc:1    | Reached skill level 10 in Armour
 23751 | Orc:1    | Reached XP level 15. HP: 115/115 MP: 20/20
 23838 | Orc:1    | XOM: noise
 23864 | Orc:1    | Found a frozen archway.
 23883 | IceCv    | Entered an ice cave
 23891 | IceCv    | Reached skill level 8 in Invocations
 23895 | IceCv    | Found a transporter.
 23920 | IceCv    | Found a transporter.
 24060 | Orc:1    | Found a runed translucent gate.
 24060 | Orc:1    | Found a runed translucent gate.
 24060 | Orc:1    | Found a runed translucent gate.
 24083 | Orc:1    | Reached skill level 9 in Shields
 24132 | Orc:1    | Noticed Antent's ghost (journeyman OpBr)
 24236 | Orc:2    | Entered Level 2 of the Orcish Mines
 24273 | Orc:2    | Found Folue's Overcharged Wands.
 24308 | Orc:2    | Noticed Urug
 24314 | Orc:2    | Killed Urug
 24337 | Orc:2    | Noticed an orc warlord
 24350 | Orc:2    | Killed an orc warlord
 24351 | Orc:2    | Reached skill level 9 in Invocations
 24600 | Orc:2    | Found Qoschila's Antique Weapon Shop.
 24612 | Orc:2    | Found Wubiopang's Jewellery Shop.
 24631 | Orc:2    | XOM: 4-stop teleportation journey
 24654 | Orc:2    | Found Vahitom's Antique Armour Shop.
 24660 | Orc:2    | Found Esaicro's General Store.
 24728 | Orc:2    | Found a staircase to the Elven Halls.
 24827 | Orc:2    | Bought a wand of digging (15) for 646 gold pieces
 24903 | Orc:2    | Bought an ancient war axe for 170 gold pieces
 24903 | Orc:2    | Identified the +11 war axe of Narrow Prudence {venom, rF+
                  | MP+9 Str+3} (You bought it in a shop on level 2 of the
                  | Orcish Mines)
 25214 | Orc:2    | Bought a glowing scale mail for 224 gold pieces
 25285 | D:13     | XOM: chaos upgrade
 25369 | D:13     | XOM: 2-stop teleportation journey
 25524 | D:13     | Reached skill level 10 in Invocations
 25684 | D:13     | Reached skill level 11 in Fighting
 26028 | D:13     | Found a gate to the Vaults.
 26054 | D:13     | XOM: god gift: 53 gold pieces {god gift}
 26499 | D:14     | Identified the +0 leather armour "Mush" {-Tele Harm Dex-3
                  | Slay+5}
 26595 | D:14     | Identified the +4 morningstar "Cewk" {speed, rPois rC-
                  | rN+++ Stlth+}
 26710 | D:14     | XOM: give mutations
 26710 | D:14     | Lost mutation: You have sharp fingernails. [Xom's mischief]
 26710 | D:14     | Gained mutation: You are frail. (-10% HP) [Xom's mischief]
 26710 | D:14     | Lost mutation: You sometimes lose the ability to read
                  | scrolls when taking damage. [Xom's mischief]
 26710 | D:14     | Gained mutation: Armour fits poorly on your strangely
                  | shaped body. [Xom's mischief]
 26710 | D:14     | Was forgiven by Xom
 26711 | D:14     | Lost mutation: Armour fits poorly on your strangely shaped
                  | body. [potion of mutation]
 26711 | D:14     | Lost mutation: You have sharp toenails. [potion of
                  | mutation]
 27146 | D:15     | Entered Level 15 of the Dungeon
 27178 | D:15     | Identified the +5 rapier "Miliun" {protect, rC+ Str+4}
 27226 | D:15     | Reached skill level 10 in Shields
 27289 | D:15     | Reached skill level 11 in Invocations
 27294 | D:15     | Reached skill level 12 in Fighting
 27339 | D:15     | Found a staircase to the Depths.
 27345 | D:15     | Noticed a fire giant
 27359 | D:15     | Killed a fire giant
 28222 | Orc:2    | Bought a lightning rod (4/4) for 450 gold pieces
 28321 | Lair:2   | Lost mutation: You are frail. (-10% HP) [potion of
                  | mutation]
 28321 | Lair:2   | Lost mutation: You are covered in thick fur. (AC +2)
                  | [potion of mutation]
 28321 | Lair:2   | Lost mutation: You are weak. (Str -2) [potion of mutation]
 28321 | Lair:2   | Gained mutation: You are agile. (Dex +2) [potion of
                  | mutation]
 28321 | Lair:2   | Gained mutation: Your flesh is heat resistant. (rF+)
                  | [potion of mutation]
 28375 | Snake:1  | Entered Level 1 of the Snake Pit
 28449 | Lair:2   | Reached skill level 1 in Dodging
 28457 | Lair:2   | Reached skill level 12 in Axes
 28457 | Lair:2   | Reached XP level 16. HP: 127/127 MP: 24/24
 28466 | Lair:2   | Reached skill level 2 in Dodging
 28656 | Snake:1  | Reached skill level 3 in Dodging
 28989 | Snake:1  | Found Medoemen's Book Emporium.
 28991 | Snake:1  | Found Aduin's Jewellery Shop.
 28992 | Snake:1  | Found Nibicla's Book Emporium.
 29001 | Snake:1  | Bought a +4 ring of protection for 468 gold pieces
 29032 | Snake:1  | Reached skill level 4 in Dodging
 29274 | Snake:1  | Reached skill level 1 in Maces & Flails
 29359 | Snake:1  | Found Emiesiro's Armour Shoppe.
 29366 | Snake:1  | Bought a +0 cloak of willpower for 161 gold pieces
 29366 | Snake:1  | Noticed Aizul
 29415 | Snake:1  | Reached skill level 2 in Maces & Flails
 29540 | Snake:1  | Found a bloodstained altar of Trog.
 29549 | Snake:1  | Found a transporter.
 29564 | Snake:1  | Noticed niknal's ghost (journeyman OpTm)
 29608 | Snake:1  | Reached skill level 3 in Maces & Flails
 29861 | Snake:1  | Reached ****** piety under Qazlal
 29896 | Snake:1  | Killed Aizul
 29949 | Snake:1  | Reached skill level 5 in Dodging
 30148 | Snake:1  | Reached skill level 4 in Maces & Flails
 30511 | Snake:1  | Found a transporter.
 30860 | Snake:1  | Bought a +2 robe of willpower for 247 gold pieces
 31020 | Lair:2   | Killed HessuHobo's ghost
 31336 | Snake:2  | Reached skill level 5 in Maces & Flails
 31466 | Snake:2  | Reached skill level 6 in Maces & Flails
 32150 | Snake:2  | Reached skill level 7 in Maces & Flails
 32265 | Snake:2  | Found Tilul's One-of-a-Kind Rings.
 32271 | Snake:2  | Bought the ring of Free Expression {rElec rPois Will+ Str-4
                  | SInv} for 468 gold pieces
 32278 | Snake:2  | Acquired 1139 gold pieces
 32293 | Snake:2  | Noticed Donald
 32303 | Snake:2  | Killed Donald
 32795 | Orc:2    | Bought a +0 broad axe for 60 gold pieces
 32963 | Snake:3  | Noticed Agnes
 32976 | Snake:3  | Killed Agnes
 33590 | Snake:3  | Reached XP level 17. HP: 135/135 MP: 25/25
 33780 | Snake:3  | Reached skill level 5 in Evocations
 33940 | Snake:3  | Reached skill level 11 in Armour
 34333 | Snake:4  | Entered Level 4 of the Snake Pit
 34371 | Snake:4  | Reached skill level 13 in Fighting
 34862 | Snake:4  | Reached skill level 6 in Evocations
 35479 | Snake:4  | Reached skill level 12 in Armour
 35518 | Snake:4  | Reached skill level 11 in Shields
 35660 | Snake:4  | Identified the +4 flail of Tenacity {elec, rC+ rN++ Int-5
                  | Stlth+}
 35802 | Snake:4  | Reached skill level 14 in Fighting
 36114 | Snake:4  | Got a serpentine rune of Zot
 36523 | Orc:2    | Bought a wand of iceblast (25) for 493 gold pieces
 36523 | Orc:2    | Bought a wand of paralysis (25) for 459 gold pieces
 36656 | Spider:1 | Entered Level 1 of the Spider Nest
 37143 | Spider:1 | Gained mutation: You are mostly covered in sharp spines.
                  | [demonic ancestry]
 37143 | Spider:1 | Reached XP level 18. HP: 144/146 MP: 26/26
 37173 | Spider:1 | Reached skill level 13 in Axes
 37910 | Spider:2 | Noticed Arachne
 37999 | Spider:2 | Killed Arachne
 38198 | Spider:2 | Acquired the +6 broad axe of the Bear {flame, Str+2 Dex+3}
 39129 | Spider:3 | Reached skill level 13 in Armour
 39133 | Spider:3 | Reached skill level 7 in Evocations
 39249 | Spider:3 | Reached skill level 15 in Fighting
 39745 | Spider:4 | Entered Level 4 of the Spider Nest
 40627 | Spider:4 | Reached skill level 12 in Shields
 40759 | Spider:4 | Gained mutation: Your hexes are more powerful. [demonic
                  | ancestry]
 40759 | Spider:4 | Reached XP level 19. HP: 157/157 MP: 27/27
 41199 | Spider:4 | Got a gossamer rune of Zot
 41399 | Spider:4 | Got the Volume of Snow
 41667 | Elf:1    | Entered Level 1 of the Elven Halls
 41742 | Elf:1    | Reached skill level 16 in Fighting
 41870 | Elf:1    | Noticed Kirke
 41878 | Elf:1    | Killed Kirke
 41910 | Elf:1    | Noticed a Tzitzimitl
 42056 | Elf:1    | Reached skill level 14 in Axes
 42653 | Elf:1    | Noticed Jorgrun
 42667 | Elf:1    | Killed Jorgrun
 43002 | Elf:2    | Noticed Roxanne
 43015 | Elf:2    | Killed Roxanne
 43051 | Elf:2    | Found Caploreb's Weapon Shop.
 43175 | Orc:2    | Bought 27 sling bullets for 202 gold pieces
 43365 | Elf:2    | Found a runed translucent gate.
 43365 | Elf:2    | Found a runed translucent gate.
 43366 | Elf:2    | Found a runed translucent gate.
 43668 | Elf:3    | Entered Level 3 of the Elven Halls
 43680 | Elf:3    | Paralysed by an air elemental for 1 turns
 43684 | Elf:3    | Paralysed by an air elemental for 1 turns
 44172 | Elf:3    | Reached skill level 14 in Armour
 44667 | Elf:3    | Identified the ring "Kaetaoto" {rElec AC+4 Dex+2}
 45187 | Elf:3    | Identified the ring of Ririuz {*Corrode rElec rN+ Int+4}
 45194 | Elf:3    | Gained mutation: Your melee attacks may debilitate your
                  | foes. [demonic ancestry]
 45194 | Elf:3    | Reached XP level 20. HP: 160/166 MP: 28/28
 45238 | Elf:3    | Reached skill level 12 in Invocations
 45289 | Elf:3    | Identified the +0 robe "Xaoxtete" {rElec rPois rC+ Str+3}
 45295 | Elf:3    | Reached skill level 8 in Evocations
 45299 | Elf:3    | Reached skill level 15 in Axes
 45337 | Elf:3    | Identified the ring "Zegeivia" {Ice Int+4 Dex+6}
 45525 | Elf:3    | Identified the +7 quarterstaff of Xom's Benevolence {pain,
                  | rPois Will+ Str+3 Dex-2}
 45528 | Elf:3    | Identified the -1 pair of boots of Pirrog {Str-2 Dex+3}
 45531 | Elf:3    | Identified the amulet of Roeky {Acrobat rN++}
 45612 | Elf:3    | Got the Collected Works on Transmigration and Contamination
 45615 | Elf:3    | Identified the +9 hand crossbow of the Shallot {elec, rC++
                  | Str-5 SInv}
 45856 | Elf:3    | Found Goallu Mefa's Antique Weapon Emporium.
 46184 | Vaults:1 | Entered Level 1 of the Vaults
 46475 | Vaults:1 | Reached skill level 13 in Shields
 46482 | Vaults:1 | Found a crumbling gateway.
 46560 | Vaults:1 | Reached skill level 17 in Fighting
 47242 | Vaults:1 | Found Tuuplin's Assorted Antiques.
 47291 | Vaults:1 | Identified the +1 ring mail "Zantyesh" {rPois Str-4 Int+8
                  | Slay-4}
 47828 | Vaults:2 | Reached skill level 15 in Armour
 48052 | Vaults:2 | Found Hott's Magic Scroll Shoppe.
 48065 | Vaults:2 | Bought a scroll of blinking for 97 gold pieces
 48106 | Vaults:2 | Identified the +9 long sword of Honour {vamp, *Rage Str+2
                  | Dex+6}
 48227 | Vaults:2 | Reached skill level 13 in Invocations
 48512 | D:12     | You paid a toll of a +7 demon whip to enter a treasure
                  | trove
 48513 | Trove    | Entered a treasure trove
 48556 | Trove    | Identified the amulet "Reomp" {Spirit Fly}
 48571 | Trove    | Identified the amulet "Tysien" {Faith rN+ Str-5 Int+3
                  | Dex+4}
 48792 | Vaults:2 | Acquired 841 gold pieces
 48841 | Vaults:2 | Bought a scroll of enchant armour for 97 gold pieces
 48841 | Vaults:2 | Bought a scroll of enchant armour for 97 gold pieces
 49127 | Snake:2  | Bought a +7 ring of slaying for 2071 gold pieces
 49734 | Vaults:2 | Found a staircase to the Crypt.
 50518 | Vaults:3 | Reached XP level 21. HP: 162/176 MP: 30/30
 50678 | Vaults:3 | Reached skill level 18 in Fighting
 50686 | Vaults:3 | Reached skill level 16 in Axes
 51168 | Vaults:3 | Identified the +1 chain mail of Insurance {rC+}
 51625 | Vaults:3 | Reached skill level 16 in Armour
 52477 | Vaults:4 | Reached skill level 14 in Shields
 52482 | Vaults:4 | Reached skill level 6 in Dodging
 52501 | Vaults:4 | Acquired 820 gold pieces
 52695 | Vaults:4 | Found a gateway to a bazaar.
 52719 | Bazaar   | Entered a bazaar
 52719 | Bazaar   | Found Loxed's Assorted Antiques.
 52719 | Bazaar   | Found Ubusmep's Distillery.
 52719 | Bazaar   | Found Gessigil's Weapon Boutique.
 52719 | Bazaar   | Found Koiroanu's Weapon Boutique.
 52719 | Bazaar   | Found Ytularil's Magic Scroll Shop.
 52737 | Bazaar   | Bought a scroll of blinking for 105 gold pieces
 52737 | Bazaar   | Bought a scroll of enchant armour for 105 gold pieces
 52737 | Bazaar   | Bought a scroll of fear for 49 gold pieces
 52737 | Bazaar   | Bought a scroll of fear for 49 gold pieces
 52737 | Bazaar   | Bought a scroll of teleportation for 42 gold pieces
 52737 | Bazaar   | Bought a scroll of magic mapping for 49 gold pieces
 52741 | Bazaar   | Bought a scroll of fog for 46 gold pieces
 52741 | Bazaar   | Bought a diamond ring for 115 gold pieces
 52741 | Bazaar   | Bought a wand of iceblast (6) for 92 gold pieces
 52743 | Bazaar   | Bought a potion of ambrosia for 104 gold pieces
 52743 | Bazaar   | Bought a potion of mutation for 104 gold pieces
 52743 | Bazaar   | Bought a potion of ambrosia for 104 gold pieces
 52743 | Bazaar   | Bought a potion of berserk rage for 65 gold pieces
 53283 | Vaults:1 | Bought a scroll of fog for 82 gold pieces
 53283 | Vaults:1 | Bought a scroll of teleportation for 123 gold pieces
 53441 | Depths:1 | Entered Level 1 of the Depths
 53977 | Depths:1 | Noticed Margery
 53981 | Depths:1 | Reached skill level 19 in Fighting
 53990 | Depths:1 | Found a gateway to Hell.
 54006 | Depths:1 | Killed Margery
 54007 | Depths:1 | Reached XP level 22. HP: 128/187 MP: 25/31
 54682 | Depths:2 | Found Cuhiugo's General Store.
 54682 | Depths:2 | Found Riawimofu's Book Boutique.
 54687 | Depths:2 | Found Citsubuv's Antique Weapon Boutique.
 54691 | Depths:2 | Found Ypnetos's Weapon Shop.
 54694 | Depths:2 | Bought a potion of haste for 220 gold pieces
 54694 | Depths:2 | Bought a potion of might for 88 gold pieces
 54694 | Depths:2 | Bought a potion of mutation for 176 gold pieces
 54852 | Depths:2 | Found a one-way gate leading to the halls of Pandemonium.
 55033 | Depths:2 | Reached skill level 7 in Dodging
 55093 | Depths:2 | Reached skill level 17 in Armour
 55240 | Depths:2 | Found the +8 arc blade {discharge, rElec}
 55310 | Depths:2 | Found a one-way gateway to a ziggurat.
 56014 | Depths:3 | Noticed the Enchantress
 56035 | Depths:3 | Killed the Enchantress
 56365 | Depths:3 | Identified the +7 falchion of Xolorch {protect, rCorr
                  | Str+3}
 56391 | Depths:3 | Found Cytann's Weapon Shop.
 56520 | Depths:3 | Found a one-way gate to the infinite horrors of the Abyss.
 57335 | Depths:4 | Entered Level 4 of the Depths
 57555 | Depths:4 | Noticed a juggernaut
 57565 | Depths:4 | Reached skill level 20 in Fighting
 57574 | Depths:4 | Killed a juggernaut
 57646 | Depths:4 | Reached skill level 17 in Axes
 57676 | Depths:4 | Reached skill level 8 in Dodging
 58051 | Depths:4 | Noticed a golden dragon
 58066 | Depths:4 | Killed a golden dragon
 58411 | Depths:4 | Found a gate to the Realm of Zot.
 58470 | Depths:4 | Found a burning altar of Makhleb.
 58470 | Depths:4 | Found a stormy altar of Qazlal.
 58471 | Depths:4 | Found a shimmering altar of Xom.
 58494 | Depths:4 | Reached XP level 23. HP: 134/196 MP: 29/32
 58743 | Depths:4 | Reached skill level 15 in Shields
 58752 | Depths:4 | Noticed a juggernaut
 58755 | Depths:4 | Noticed a juggernaut
 58762 | Depths:4 | Killed a juggernaut
 58778 | Depths:4 | Killed a juggernaut
 58779 | Depths:4 | Reached skill level 18 in Armour
 58956 | Depths:4 | Noticed a caustic shrike
 58967 | Depths:4 | Killed a caustic shrike
 59483 | Depths:4 | Paralysed by a floating eye for 3 turns
 59518 | Depths:4 | Noticed a juggernaut
 59526 | Depths:4 | Killed a juggernaut
 59770 | Depths:4 | Reached skill level 9 in Dodging
 59851 | Depths:4 | Noticed a juggernaut
 59879 | Depths:4 | Killed a juggernaut
 60541 | Vaults:5 | Entered Level 5 of the Vaults
 60545 | Vaults:4 | Acquired a manual of Invocations
 60553 | Vaults:4 | Reached skill level 21 in Fighting
 60556 | Vaults:4 | Acquired a manual of Armour
 60573 | Vaults:5 | Reached skill level 19 in Armour
 60573 | Vaults:5 | Noticed an ancient lich
 60582 | Vaults:5 | Killed an ancient lich
 60597 | Vaults:5 | Reached skill level 14 in Invocations
 60692 | Vaults:5 | Mutation became permanent: You are mostly covered in large
                  | bone plates. (SH +6) [demonic ancestry]
 60692 | Vaults:5 | Gained mutation: You are completely covered in large bone
                  | plates. (SH +8) [demonic ancestry]
 60692 | Vaults:5 | Reached XP level 24. HP: 152/208 MP: 32/33
 60972 | Vaults:5 | Acquired 732 gold pieces
 60983 | Vaults:5 | Found the +8 frozen axe "Frostbite" {freezing cloud, *Noise
                  | Fly rC+}
 61089 | Vaults:5 | Reached skill level 15 in Invocations
 61113 | Vaults:5 | Reached skill level 20 in Armour
 61113 | Vaults:5 | Reached skill level 10 in Dodging
 61117 | Vaults:5 | Got a silver rune of Zot
 61394 | Vaults:5 | Noticed an ancient lich
 61401 | Vaults:5 | Killed an ancient lich
 61508 | Vaults:5 | Identified the ring "Qoofoo" {Wiz *Slow Will+ Dex+7}
 61521 | Vaults:5 | Identified the +6 hand crossbow of Reujuz {freeze, Will++
                  | rCorr Str-5 Stlth+}
 61522 | Vaults:5 | Identified the ring of Gedd {Fire rPois Str+3}
 61773 | Vaults:5 | Got the Grimoire of the Escort
 61775 | Vaults:5 | Got the Incunabulum of the Excruciating Mountains
 61776 | Vaults:5 | Identified the +11 flail "Inkiw" {vorpal, *Rage Dex+5}
 62156 | Orc:2    | Bought the amulet "Jaixi" {Faith rF+ rC++ rCorr} for 771
                  | gold pieces
 62770 | Zot:1    | Entered Level 1 of the Realm of Zot
 62792 | Zot:1    | Found a runed translucent gate.
 62792 | Zot:1    | Found a runed translucent gate.
 62793 | Zot:1    | Noticed an ancient lich
 62794 | Zot:1    | Found a runed translucent gate.
 62794 | Zot:1    | Noticed an ancient lich
 62794 | Zot:1    | Noticed an ancient lich
 62795 | Zot:1    | Found an ancient bone altar of Kikubaaqudgha.
 62795 | Zot:1    | Noticed ChaosChampion's ghost (veteran VSFi)
 62795 | Zot:1    | Noticed Lerari's ghost (legendary DsCj)
 63078 | Zot:1    | Reached skill level 22 in Fighting
 63436 | Zot:1    | Reached skill level 16 in Invocations
 63879 | Zot:2    | Reached skill level 11 in Dodging
 63880 | Zot:2    | Reached skill level 21 in Armour
 66208 | Zot:2    | Reached skill level 17 in Invocations
 67324 | Zot:3    | Reached skill level 12 in Dodging
 67530 | Zot:3    | Gained mutation: You are surrounded by an aura of silence.
                  | [demonic ancestry]
 67530 | Zot:3    | Reached XP level 25. HP: 166/213 MP: 35/35
 68074 | Zot:4    | Reached skill level 18 in Invocations
 68111 | Zot:4    | Reached skill level 22 in Armour
 68314 | Zot:4    | Identified the +0 robe of Udghauna {-Cast rElec SInv}
 69127 | Zot:5    | Entered Level 5 of the Realm of Zot
 69679 | Zot:5    | Noticed an orb of fire
 69700 | Zot:5    | Killed an orb of fire
 69701 | Zot:5    | Reached skill level 13 in Dodging
 70265 | Zot:5    | Reached skill level 19 in Invocations
 70310 | Zot:5    | Noticed an ancient lich
 70310 | Zot:5    | Noticed an ancient lich
 70310 | Zot:5    | Noticed an ancient lich
 70311 | Zot:5    | Noticed a dread lich
 70311 | Zot:5    | Noticed a Killer Klown
 70311 | Zot:5    | Noticed an orb of fire
 70311 | Zot:5    | Noticed a dread lich
 70311 | Zot:5    | Noticed a dread lich
 70316 | Zot:5    | Got the Orb of Zot
 70402 | Zot:4    | Noticed Okinomnooha the pandemonium lord
 70734 | D:12     | Noticed Xudyff the pandemonium lord
 71032 | D:$      | Escaped with the Orb!

Illustrated notes

Levels and vault maps discovered:
D:1:      saegor_arrival_simple_d, layout_basic,
          shapermc_ecumenical_altar_mp_ritualfount, minmay_misc_feat_rows
D:2:      layout_rooms, serial_shops, nicolae_shop_hallway_plus
D:3:      layout_rooms, nicolae_ashenzari_skybound,
          mainiacjoe_overflow_alcove_1, mainiacjoe_overflow_small_starburst,
          nicolae_gozag_seed_capital
D:4:      layout_cave_pools, lemuel_temple_firewalk_b, serial_shops,
          nicolae_shop_temple_entry_statues_fountains, uniq_duvessa
D:5:      layout_loops_cross, nicolae_zen_rock_garden, lemuel_old_faithful
D:6:      layout_cave_pools, kennysheep_little_box,
          gammafunk_temple_overflow_claw, amcnicky_altar_gilded
D:7:      cheibrodos_steamvent, layout_loops_ring,
          mainiacjoe_overflow_large_starburst, marbit_many_paths,
          serial_park_tiny_pond, water_boxes_lemuel
D:8:      layout_rooms, nicolae_specific_store
D:9:      minmay_the_grid_4x2 [minmay_the_grid_rooms, minmay_the_grid_square_x,
          minmay_the_grid_outer_circle, minmay_the_grid_dragon_b,
          minmay_the_grid_tri_star, minmay_the_grid_minigrid_small,
          minmay_the_grid_garden, minmay_the_grid_prize_inner_circle],
          layout_cave_pools
D:10:     layout_grid_maze, mainiacjoe_overflow_catwalk,
          minmay_gold_behind_fungi, minivault_8, uniq_snorg
D:11:     layout_long_grid, grunt_lair_entry_orc_guard_hut
D:12:     layout_stronghold, erik_orc_4, enter_trove_5, wad_dig_loot,
          uniq_azrael
D:13:     layout_basic, david_vaults_4, grunt_decor_one_mirror
D:14:     layout_stronghold, kennysheep_crisscross, chequers_big_river
D:15:     grunt_enter_depths_giant_problem, layout_irregular_city,
          minmay_misc_feat_diagonals
Temple:   jpeg_temple_island
Lair:1:   layout_regular_city, st_stairs_10
Lair:2:   layout_layer_cave, minmay_snake_entry_six_corridors,
          spider_nest_entry_webs, gammafunk_ghost_ooze
Lair:3:   layout_regular_city, grunt_megastairs_1, serial_bayou_shore_b,
          lemuel_fruit_fields, lemuel_fruit_fields
Lair:4:   layout_loops_ring, small_statue_intersection,
          infiniplex_staircase_pool_2
Lair:5:   layout_misc_corridors, columned_hall_lemuel, uniq_sonja
Lair:6:   guppyfry_lair_end_dragon, layout_cave_pods,
          hangedman_lair_tendril_chambers, nicolae_slime_entry_slimehenge,
          infiniplex_staircase_pool
Snake:1:  layout_chambers, gammafunk_ghost_wrathful_warriors, serial_shops,
          nicolae_shop_waterfront, minmay_shop_grove, uniq_aizul
Snake:2:  layout_cave_pods, nicolae_shop_unique_rings, serial_bayou_shore_a,
          uniq_donald
Snake:3:  layout_cave_pods, uniq_agnes
Snake:4:  grunt_snake_rune_pools, layout_misc_corridors
Spider:1: layout_cave_pods
Spider:2: layout_spider_delve, nicolae_spider_orb_run, uniq_arachne
Spider:3: layout_spider_delve
Spider:4: grunt_spider_rune_parallel, worms_lemuel
Orc:1:    layout_caves, ebering_ghost_rock_garden, portal_ice_cave_demonic_guard
Orc:2:    grunt_orc_cross, layout_caves, nicolae_shop_overcharged_wands
Elf:1:    minmay_elf_arrival_circle, layout_rooms, hangedman_elf_represent,
          nicolae_elf_crossing_hall, uniq_kirke, uniq_jorgrun
Elf:2:    elven_hall_of_blades_hangedman_original
          [infiniplex_blade_entry_pillars], layout_gridlike, serial_shops,
          nicolae_shop_bloodbath_and_beyond, uniq_roxanne
Elf:3:    minmay_elf_hall_hex, layout_loops_corners, serial_glass,
          glass_columns_a, glass_columns_b, serial_shops,
          nicolae_shop_window_shopping, minmay_misc_feat_pillars,
          guppyfry_library_mini
Vaults:1: portal_desolation_entry_nicolae_nacl, nicolae_vaults_big_ls,
          ontoclasm_vaults_spin, st_cells, hangedman_vaults_pinch,
          vaults_mumra_chevron_long, v_misc_29, v_misc_27,
          ontoclasm_vaults_ligature, vaults_dpeg_doors,
          nicolae_vaults_network_square, hangedman_vaults_corner_blocks,
          ontoclasm_vaults_gateway, layout_vaults_maze_bifur, serial_shops, shop
Vaults:2: minmay_crypt_entry_simple_walls,
          nicolae_vaults_windows_and_doors_thing, nicolae_vaults_shelves_hall,
          v_misc_17, v_pattern_5, v_rooms_5, nicolae_vaults_asterisk, v_misc_8,
          nicolae_vaults_sealed_display, v_misc_2, vaults_room_semicircle,
          layout_vaults_omnigrid, serial_shops, shop
Vaults:3: hangedman_vaults_slither, v_misc_12, v_misc_4,
          hangedman_vaults_restitches, hangedman_vaults_unwind,
          nicolae_vaults_inception_corners, st_octagons_1, serial_ice_h,
          grunt_vaults_diagonal, ontoclasm_vaults_tryst, layout_vaults_omnibox
Vaults:4: nicolae_vaults_gold_heap, nicolae_vaults_ring_of_whatevers,
          nicolae_vaults_specimen_jars, v_rooms_5, hangedman_vaults_nails,
          nicolae_vaults_theta, nicolae_vaults_triangles, v_misc_25,
          hangedman_vaults_slice, st_lines, v_misc_23, layout_vaults_big_room,
          serial_shops, statue_bzr
Vaults:5: serial_shops
Depths:1: layout_long_grid, chequers_serial_rivers_large_a, grunt_metal_band,
          glass_columns_b, minmay_crystal_room, onia_ninara_cookie
Depths:2: minmay_shoctagon, layout_gridlike, enter_ziggurat_e, pan_entry,
          minmay_hedge_maze, hell_entry, serial_corexii_hall,
          corexii_hall_statues_l, chequers_hall_statues_y,
          infiniplex_staircase_zigzag_4, minmay_shoptagon
Depths:3: minmay_nine_rooms, layout_cave_pools, hell_entry,
          hangedman_glass_teeth, hangedman_abyss_entry_splay, serial_shops,
          nicolae_take_the_stairs, kennysheep_generic_room_9,
          infiniplex_staircase_split_hallway, uniq_enchantress
Depths:4: hangedman_slaughterboxes, hell_entry
Zot:1:    layout_twisted_circle, gammafunk_ghost_crypt
Zot:2:    layout_onion
Zot:3:    layout_basic
Zot:4:    layout_twisted_circle, grunt_megastairs_4
Zot:5:    layout_gridville

Skill      XL: |  1  2  3  4  5  6  7  8  9 10 11 12 13 14 15 16 17 18 19 20 21 22 23 24 25 |
---------------+----------------------------------------------------------------------------+-----
Air Magic      | 1 2 3 |  3.0
Axes           | 3 7 10 11 12 13 14 15 16 17 | 17.4
Poison Magic   | 4 |  4.0
Slings         | 2 4 5 7 10 11 13 14 | 14.0
Spellcasting   | 2 |  2.0
Fighting       | 2 4 5 6 7 9 10 12 14 15 16 17 19 20 21 22 | 22.8
Shields        | 2 4 5 8 10 11 12 13 14 15 | 15.0
Armour         | 2 3 4 6 9 10 12 13 14 15 16 17 19 21 22 | 22.0
Invocations    | 3 7 11 13 14 17 19 | 19.2
Evocations     | 4 6 7 8 |  8.0
Dodging        | 1 5 6 8 9 12 13 | 13.3
Maces & Flails | 7 |  7.2
Stealth        | |  1.0

Action                   |  1- 3 |  4- 6 |  7- 9 | 10-12 | 13-15 | 16-18 | 19-21 | 22-24 | 25-27 || total
-------------------------+-------+-------+-------+-------+-------+-------+-------+-------+-------++-------
Melee: Hand axe          |    32 |     5 |       |       |       |       |       |       |       ||    37
       Flail             |       |    56 |       |       |       |       |       |       |       ||    56
       War axe           |       |       |    16 |   143 |    10 |   184 |  1245 |    66 |       ||  1664
       Morningstar       |       |       |       |       |       |   379 |       |       |       ||   379
       Broad axe         |       |       |       |       |       |       |     3 |  1329 |   288 ||  1620
 Fire: Hunting sling     |       |    87 |   283 |   115 |       |       |       |       |       ||   485
       Fustibalus        |       |       |       |   338 |  1648 |  1519 |   485 |   120 |    64 ||  4174
Throw: Stone             |    17 |     7 |       |       |       |       |       |       |       ||    24
       Dart              |       |       |     1 |    15 |    10 |       |       |     3 |       ||    29
       Throwing net      |       |       |       |     8 |       |       |       |       |     2 ||    10
 Cast: Sting             |    28 |    10 |       |       |       |       |       |       |       ||    38
       Poisonous Vapours |    16 |    22 |       |       |       |       |       |       |       ||    38
Invok: Upheaval          |       |       |       |       |    17 |    12 |     2 |     1 |       ||    32
       Elemental Force   |       |       |       |       |     1 |     1 |       |       |       ||     2
       Disaster Area     |       |       |       |       |       |       |     1 |     1 |       ||     2
 Abil: Evoke Blink       |       |       |       |     1 |       |       |       |       |       ||     1
Evoke: Wand              |       |       |     1 |     4 |     2 |    12 |     4 |     3 |    10 ||    36
       Piece from Xom's  |       |       |       |     1 |       |       |       |       |       ||     1
       Condenser vane    |       |       |       |       |     1 |     5 |     5 |     6 |       ||    17
       Tin of tremorston |       |       |       |       |     1 |     7 |     6 |     6 |       ||    20
       Lightning rod     |       |       |       |       |       |     6 |     6 |     5 |       ||    17
       Phial of floods   |       |       |       |       |       |     1 |     1 |     1 |       ||     3
       Box of beasts     |       |       |       |       |       |       |     1 |     3 |       ||     4
       Phantom mirror    |       |       |       |       |       |       |       |     2 |       ||     2
  Use: Potion            |       |     5 |       |     8 |     4 |     6 |     4 |    10 |    14 ||    51
       Scroll            |       |     5 |     9 |    21 |     8 |    13 |    15 |    10 |    14 ||    95
 Stab: Sleeping          |       |     1 |       |       |       |       |       |       |       ||     1
       Held in net/web   |       |       |       |     1 |       |       |       |       |       ||     1
       Paralysed         |       |       |       |       |       |    12 |     3 |       |       ||    15
       Confused          |       |       |       |       |       |     2 |       |       |       ||     2
       Distracted        |       |       |       |       |       |       |       |     7 |       ||     7
       Invisible         |       |       |       |       |       |       |       |     4 |       ||     4
Armor: Robe              |    20 |    32 |       |       |       |     6 |       |       |       ||    58
       Chain mail        |       |       |    41 |    58 |       |       |       |       |       ||    99
       Plate armour      |       |       |       |    64 |   173 |   408 |   315 |   408 |    64 ||  1432
Dodge: Dodged            |    20 |    49 |    34 |    87 |    94 |   162 |   144 |   230 |    41 ||   861
       Repelled          |       |       |       |       |     2 |    14 |     9 |    23 |     6 ||    54
Block: Other             |     8 |    10 |     1 |       |       |       |       |       |       ||    19
       Buckler           |       |       |    60 |   213 |   408 |       |       |       |       ||   681
       Kite shield       |       |       |       |       |   264 |  1956 |  1424 |  1646 |   312 ||  5602
       Reflection        |       |       |       |       |       |       |    30 |       |       ||    30

Table legend: (Time is in decaauts)
 A = Elapsed time spent in this place.
 B = Non-inter-level travel time spent in this place.
 C = Inter-level travel time spent in this place.
 D = Time resting spent in this place.
 E = Time spent auto-exploring this place.
 F = Levels seen in this place.
 G = Mean time per level.
                   A        B        C        D        E       F      G
               +--------+--------+--------+--------+--------+-----+--------+
         Total |  69402 |  58898 |  10504 |  13789 |  29901 |  52 | 1334.7 |
       Dungeon |  20800 |  16260 |   4540 |   4107 |   7096 |  15 | 1386.7 |
        Temple |    276 |    247 |     29 |      0 |    236 |   1 |  276.0 |
          Lair |   8637 |   7584 |   1053 |   1155 |   4480 |   6 | 1439.5 |
     Snake Pit |   7035 |   6392 |    643 |   1565 |   3221 |   4 | 1758.8 |
   Spider Nest |   4796 |   4443 |    353 |    934 |   2288 |   4 | 1199.0 |
  Orcish Mines |   1758 |   1422 |    336 |    105 |    929 |   2 |  879.0 |
   Elven Halls |   3932 |   3682 |    250 |    718 |   2045 |   3 | 1310.7 |
        Vaults |   8537 |   6870 |   1667 |   1101 |   4179 |   5 | 1707.4 |
        Depths |   7455 |   6266 |   1189 |   2413 |   2461 |   4 | 1863.8 |
           Zot |   5997 |   5554 |    443 |   1689 |   2880 |   5 | 1199.4 |
        Bazaar |     30 |     30 |      0 |      0 |     16 |   1 |   30.0 |
         Trove |     97 |     97 |      0 |      0 |     64 |   1 |   97.0 |
      Ice Cave |     47 |     47 |      0 |      0 |      3 |   1 |   47.0 |
               +--------+--------+--------+--------+--------+-----+--------+

Top non-repeatable levels by time:
Depths:4: 3306 daAuts
  Lair:2: 2468 daAuts
 Snake:1: 2335 daAuts
Vaults:2: 2334 daAuts
  Lair:6: 2206 daAuts
   Elf:3: 2137 daAuts
     D:1: 1942 daAuts
     D:8: 1845 daAuts
Vaults:1: 1780 daAuts
     D:9: 1723 daAuts
   Zot:1: 1696 daAuts
    D:10: 1680 daAuts
 Snake:3: 1674 daAuts
    D:13: 1670 daAuts
Vaults:3: 1625 daAuts
